 Dungeon Crawl Stone Soup version 0.30-a0-241-g1121274140 (webtiles) character file.

Game seed: 16127051653042872167

64558 ICC the Blocker (level 15, -10/68 HPs)
             Began as a Vine Stalker Fighter on Oct 11, 2022.
             Was the Champion of Wu Jian.
             Collided with a rock wall (12 damage)
             ... caused by a wretched star
             ... on level 2 of the Abyss.
             The game lasted 01:05:14 (13369 turns).

ICC the Blocker (Vine Stalker Fighter)             Turns: 13369, Time: 01:05:15

Health: -10/68     AC: 20    Str: 21    XL:     15   Next: 13%
Magic:  0/28       EV: 14    Int:  8    God:    Wu Jian [******]
Gold:   1452       SH: 12    Dex: 14    Spells: 30/30 levels left

rFire   + + +      SeeInvis +    a - +2 dagger (elec)
rCold   + . .      Faith    .    c - +0 buckler
rNeg    . . .      Spirit   +    t - +1 scale mail {rC+}
rPois   .          Reflect  +    u - +0 helmet
rElec   .          Harm     .    R - +0 cloak
rCorr   .          Rampage  .    (no gloves)
Will    +....                    F - +2 pair of boots
Stlth   ..........               X - amulet "Cuanog" {Reflect rF+ Dex+3 SH+5}
HPRegen 1.11/turn                I - +4 ring of slaying
MPRegen 0.21/turn                e - ring "Jenom" {rF+++ AC+4 Dex-4 Slay+2 SInv}

@: exhausted, studying Throwing
A: fangs 3, regeneration 1, magic shield, antimagic bite, no potion heal 2,
[clumsy 2]
a: Renounce Religion, Wall Jump, Serpent's Lash, Heavenly Storm


You were on level 2 of the Abyss.
You worshipped Wu Jian.
Wu Jian was exalted by your worship.
You visited 3 branches of the dungeon, and saw 17 of its levels.
You visited the Abyss 1 time.
You also visited: Ossuary, Ice Cave and Volcano.

You collected 1452 gold pieces.

Inventory:

Hand Weapons
 a - a +2 dagger of electrocution (weapon)
 q - a +2 dagger of chaos
 w - a +2 short sword of holy wrath
Missiles
 G - 3 throwing nets (quivered)
Armour
 c - a +0 buckler (worn)
 g - the +0 leather armour "Rosus" {rC+ Will++ Int+4}
   (You found it in a volcano)

   Int:       It affects your intelligence (+4).
   rC:        It protects you from cold.
   Will:      It greatly increases your willpower.
 t - a +1 scale mail of cold resistance (worn)
 u - a +0 helmet (worn)
 x - a +4 plate armour of poison resistance
 F - a +2 pair of boots (worn)
 R - a +0 cloak (worn)
Jewellery
 e - the ring "Jenom" (right hand) {rF+++ AC+4 Dex-4 Slay+2 SInv}
   (You acquired it on level 4 of the Lair of Beasts)

   [ring of protection]

   AC:        It affects your AC (+4).
   Dex:       It affects your dexterity (-4).
   Slay:      It affects your accuracy & damage with ranged weapons and melee
   (+2).
   rF:        It renders you almost immune to fire.
   SInv:      It lets you see invisible.
 v - a ring of resist corrosion
 A - a ring of protection from cold
 I - a +4 ring of slaying (left hand)
 X - the amulet "Cuanog" (around neck) {Reflect rF+ Dex+3 SH+5}
   (You found it on level 3 of the Lair of Beasts)

   [amulet of reflection]

   It reflects blocked missile attacks.
   Dex:       It affects your dexterity (+3).
   rF:        It protects you from fire.
   SH:        It affects your SH (+5).
Wands
 p - a wand of quicksilver (15)
Scrolls
 f - 4 scrolls of poison
 h - 3 scrolls of enchant armour
 l - a scroll of magic mapping
 n - 13 scrolls of teleportation
 o - 4 scrolls of fog
 s - 3 scrolls of enchant weapon
 y - a scroll of brand weapon
 z - 4 scrolls of blinking
 C - 3 scrolls of fear
 H - a scroll of immolation
 K - a scroll of silence
 L - 3 scrolls of amnesia
 N - 2 scrolls of torment
 O - 2 scrolls of noise
 U - a scroll of summoning
 W - 5 scrolls of identify
Potions
 b - 6 potions of lignification
 d - 8 potions of might
 i - a potion of flight
 j - 9 potions of haste
 k - 2 potions of mutation
 m - 9 potions of curing
 B - a potion of magic
 D - 2 potions of cancellation
 Q - 2 potions of brilliance
 T - 3 potions of invisibility
Miscellaneous
 r - a phial of floods
 V - a condenser vane


   Skills:
 - Level 3.0 Fighting
 - Level 10.0 Short Blades
 + Level 11.4 Throwing
 + Level 10.7 Armour
 + Level 10.7 Dodging
 + Level 11.6 Shields
 - Level 8.0 Spellcasting


You had 30 spell levels left.
You didn't know any spells.
Your spell library contained the following spells:

 Spells                   Type           Power      Damage    Failure   Level
 Kiss of Death            Conj/Necr      12%        2d6       45%         1
 Summon Small Mammal      Summ           12%        N/A       45%         1
 Call Imp                 Summ           3%         N/A       61%         2
 Airstrike                Air            1%         2d(1-17)  99%         4
 Manifold Assault         Tloc           3%         N/A       99%         4
 Summon Lightning Spire   Summ/Air       3%         N/A       99%         4
 Alistair's Intoxication  Tmut/Pois      2%         N/A       100%        5
 Borgnjor's Vile Clutch   Necr/Erth      1%         N/A       100%        5
 Lightning Bolt           Conj/Air       1%         1d12      100%        5
 Yara's Violent Unravell  Hex/Tmut       1%         3d3       100%        5
 Dispersal                Tloc           1%         N/A       100%        6
 Eringya's Noxious Bog    Tmut/Pois      1%         N/A       100%        6
 Summon Cactus Giant      Summ           1%         N/A       100%        6
 Enfeeble                 Hex            1%         N/A       100%        7
 Disjunction              Tloc           1%         N/A       100%        8


Dungeon Overview and Level Annotations

Branches:
Dungeon (11/15) Zot: 26257  Temple (1/1) D:6 Zot: 5534    Lair (5/5) D:8 Zot: 26162
 Shoals (0/4) Lair:3        Snake (0/4) Lair:2        Slime (0/5) Lair:5
    Orc (0/2) D:11        Ossuary (visited)           IceCv (visited)
Volcano (visited)

Altars:
Ashenzari
Cheibriados
Dithmenos
Elyvilon
Fedhas
Gozag
Hepliaklqana
Kikubaaqudgha
Makhleb
Nemelex Xobeh
Okawaru
Qazlal
Ru
Sif Muna
Trog
Uskayaw
Vehumet
Wu Jian
Xom
Yredelemnul
Zin
The Shining One
Jiyva


Innate Abilities, Weirdness & Mutations

You have razor-sharp teeth.
Your natural rate of healing is unusually fast.
When hurt, damage is shared between your health and your magic reserves.
Your bite disrupts and absorbs the magic of your enemies.
Potions cannot restore your health.
[You are very clumsy. (Dex -4)]


Message History

Lightning courses through the boulder beetle!
The boulder beetle is almost dead.
You hit the boulder beetle.
The boulder beetle is almost dead.
You hit the boulder beetle but do no damage.
Lightning courses through the boulder beetle!!
You kill the boulder beetle!
The Council accepts your kill.
You repeatedly attack the wretched star from above.
You hit the wretched star.
The wretched star is lightly damaged.
You hit the wretched star but do no damage.
The wretched star is lightly damaged.
You hit the wretched star.
The wretched star is lightly damaged.
You hit the wretched star but do no damage.
The wretched star is lightly damaged.
The small abomination hits you. The boulder beetle bites you.
* * * LOW HITPOINT WARNING * * *
You block the small abomination's attack.
You spin and attack the boulder beetle repeatedly.
You hit the boulder beetle.
Lightning courses through the boulder beetle!
The boulder beetle is severely wounded.
You hit the boulder beetle but do no damage.
The boulder beetle is severely wounded.
You spin and attack the wretched star repeatedly.
You puncture the wretched star!
The wretched star is moderately damaged.
You hit the wretched star. You bite the wretched star!
The wretched star's magic leaks into the air.
You drain its magic.
You feel invigorated.
The wretched star is heavily damaged.
The boulder beetle barely misses you.
The wretched star glows turbulently.
The lance of force hits you!
* * * LOW HITPOINT WARNING * * *
You are knocked back by the lance of force.
You slam into the rock wall!
You die...

# . . .. .. .. ##
#. .# . ..# .#
#.##..#..#. .#.##.
.#.#..... #
...#.##..#..#....#
.......#.........#.
. . #.(...........
# .. . #
#.x.°#........# #.
#.(.@.........
#...###*B........
#..
........#........
.#
....(###.#........
...
#...°B(○.........
.. .
....###.....####
.#....
~~...((...### ##.#.
. .....###.#.# # ..
.... .....


You could see a boulder beetle, a wretched star (magic disrupted) and a small
abomination.

Vanquished Creatures
  A lich (Abyss:2)
  Fannar (Lair:1)
  5 hydras
  Erica (D:10)
  A boulder beetle (Abyss:2)
  A two-headed ogre (D:11)
  17 death yaks
  3 thrashing horrors (Abyss:2)
  Amaemon (Lair:1)
  A skeletal warrior (D:8)
  4 lindwurms (Lair:2)
  Pikel (D:8)
  An ugly thing (IceCv)
  A worldbinder (Abyss:2)
  7 elephants (Lair:5)
  3 black mambas
  Joseph (D:8)
  2 merfolk sirens (Lair:3)
  3 ice statues (IceCv)
  4 molten gargoyles (Volcano)
  2 torpor snails
  An orange demon (Lair:1)
  A demonic crawler (Abyss:2)
  11 cane toads
  3 rime drakes (Lair:5)
  A freezing wraith (IceCv)
  Psyche (D:8)
  10 komodo dragons
  Maggie (D:8)
  An unseen horror (D:11)
  An efreet (Volcano)
  An anaconda simulacrum (IceCv)
  4 trolls
  2 merfolk (Lair:3)
  An ancient zyme (Abyss:2)
  Grinder (D:5)
  3 polar bears
  Prince Ribbit (D:5)
  16 blink frogs
  4 dream sheep (Lair:5)
  3 starcursed masses (Abyss:2)
  A dire elephant simulacrum (IceCv)
  8 wyverns
  A ynoxinul (Abyss:2)
  56 yaks
  2 basilisks
  A fire elemental (Volcano)
  2 death yak simulacra (IceCv)
  4 steam dragons
  A large abomination (Abyss:2)
  3 nagas (Lair:2)
  2 acid dragons
  11 water moccasins
  A hell hound (Lair:5)
  5 orc warriors
  2 black bears
  2 sky beasts
  An ogre (D:7)
  13 centaurs
  10 wolves (Lair:2)
  A lemure (D:8)
  3 phantoms (D:7)
  4 kobold brigands
  Blork the orc (D:5)
  10 bullfrogs
  A necrophage (D:6)
  17 scorpions
  A cane toad simulacrum (IceCv)
  2 earth elementals (Volcano)
  2 gnoll sergeants
  6 wights (D:8)
  An elephant simulacrum (IceCv)
  3 killer bees (D:11)
  3 howler monkeys
  2 jellies (D:7)
  A centaur zombie (Ossuary)
  A gnoll bouda (D:6)
  2 human zombies (Ossuary)
  6 hounds
  An iron imp (Abyss:2)
  5 orc priests
  An iguana (D:5)
  3 scorpion zombies (Ossuary)
  10 orc wizards
  16 hell rats
  A polar bear simulacrum (IceCv)
  A wolf simulacrum (IceCv)
  3 mummies (Ossuary)
  Robin (D:3)
  5 adders
  11 gnolls
  2 shadow imps
  4 white imps
  2 ufetubi
  2 worms
  2 dart slugs (D:3)
  32 orcs
  2 endoplasms
  A giant cockroach (D:4)
  9 goblins
  14 hobgoblins
  4 jackals
  6 quokkas
  5 ball pythons
  A bat (D:1)
  5 frilled lizards
  A gnoll zombie (Ossuary)
  A goblin zombie (Ossuary)
  A hobgoblin zombie (Ossuary)
  16 kobolds
  3 kobold zombies (Ossuary)
  6 orc zombies (Ossuary)
  6 rats
  A lurking horror (Abyss:2)
505 creatures vanquished.

Vanquished Creatures (others)
  A yak (D:8)
  67 fungi
  68 plants
136 creatures vanquished.

Grand Total: 641 creatures vanquished

Notes
Turn   | Place    | Note
-------+----------+-------------------------------------------
     0 | D:1      | ICC the Vine Stalker Fighter began the quest for the Orb.
     0 | D:1      | Reached XP level 1. HP: 11/11 MP: 2/2
   112 | D:1      | Found a faded altar of an unknown god.
   173 | D:1      | Reached XP level 2. HP: 16/16 MP: 3/3
   657 | D:2      | Reached XP level 3. HP: 19/19 MP: 5/5
   885 | D:2      | Reached skill level 1 in Spellcasting
  1050 | D:2      | Found a sparkling altar of Nemelex Xobeh.
  1553 | D:3      | Noticed Robin
  1619 | D:3      | Gained mutation: Your natural rate of healing is unusually
                  | fast. [Vine Stalker growth]
  1619 | D:3      | Reached XP level 4. HP: 20/24 MP: 5/7
  1633 | D:3      | Killed Robin
  2043 | D:3      | You fall into a shaft and drop 1 floor!
  2200 | D:3      | Reached skill level 1 in Dodging
  2306 | D:4      | Reached XP level 5. HP: 26/28 MP: 7/9
  2716 | D:5      | Entered Level 5 of the Dungeon
  2763 | D:5      | Noticed a black bear
  2775 | D:5      | Killed a black bear
  2776 | D:5      | Reached XP level 6. HP: 26/32 MP: 7/11
  2800 | D:5      | Noticed Grinder
  2816 | D:5      | Noticed Blork the orc
  2821 | D:5      | Killed Blork the orc
  2834 | D:5      | Paralysed by Grinder for 2 turns
  2842 | D:5      | Killed Grinder
  2843 | D:5      | Reached XP level 7. HP: 33/36 MP: 8/14
  2922 | D:5      | Noticed Prince Ribbit
  2939 | D:5      | Killed Prince Ribbit
  3013 | D:5      | Reached skill level 5 in Spellcasting
  3013 | D:5      | Gained mutation: You have razor-sharp teeth. [Vine Stalker
                  | growth]
  3013 | D:5      | Reached XP level 8. HP: 38/40 MP: 14/16
  3106 | D:5      | Found a burning altar of Makhleb.
  3113 | D:5      | Reached skill level 5 in Short Blades
  3554 | D:6      | Reached XP level 9. HP: 44/44 MP: 20/20
  3936 | D:6      | Found a staircase to the Ecumenical Temple.
  3945 | Temple   | Entered the Ecumenical Temple
  4401 | Temple   | Became a worshipper of the Wu Jian Council
  4834 | D:7      | Found a sand-covered staircase.
  4849 | Ossuary  | Entered an ossuary
  4919 | Ossuary  | Reached * piety under Wu Jian
  5028 | Ossuary  | Reached XP level 10. HP: 49/49 MP: 23/23
  5253 | D:7      | Reached skill level 10 in Short Blades
  5293 | D:7      | Reached ** piety under Wu Jian
  5902 | D:8      | Noticed Psyche
  5974 | D:8      | Noticed Joseph
  5981 | D:8      | Killed Joseph
  6061 | D:8      | Found a staircase to the Lair.
  6061 | D:8      | Noticed Pikel
  6074 | D:8      | Killed Pikel
  6094 | D:8      | Reached skill level 5 in Shields
  6104 | D:8      | Reached XP level 11. HP: 37/52 MP: 22/24
  6116 | D:8      | Reached skill level 5 in Armour
  6116 | D:8      | Reached skill level 5 in Dodging
  6116 | D:8      | Reached *** piety under Wu Jian
  6275 | D:8      | Noticed a skeletal warrior
  6334 | D:8      | Killed Psyche
  6377 | D:8      | Noticed Maggie
  6586 | D:8      | Killed Maggie
  6586 | D:8      | Killed a skeletal warrior
  7385 | D:10     | Entered Level 10 of the Dungeon
  7390 | D:10     | Reached **** piety under Wu Jian
  7741 | D:10     | Noticed Erica
  7744 | D:10     | Reached XP level 12. HP: 56/56 MP: 25/25
  7768 | D:10     | Killed Erica
  8087 | D:11     | Found a staircase to the Orcish Mines.
  8246 | D:11     | Noticed a two-headed ogre
  8263 | D:11     | Killed a two-headed ogre
  8683 | Lair:1   | Entered Level 1 of the Lair of Beasts
  8736 | Lair:1   | Reached ***** piety under Wu Jian
  8756 | Lair:1   | Identified a scroll of acquirement
  8757 | Lair:1   | Acquired a manual of Throwing
  8878 | Lair:1   | Noticed Fannar
  8909 | Lair:1   | Killed Fannar
  8910 | Lair:1   | Reached skill level 1 in Throwing
  8972 | Lair:1   | Noticed Amaemon
  9004 | Lair:1   | Killed Amaemon
  9184 | Lair:1   | Noticed a death yak
  9184 | Lair:1   | Noticed a death yak
  9186 | Lair:1   | Noticed a death yak
  9188 | Lair:1   | Noticed a death yak
  9194 | Lair:1   | Killed a death yak
  9199 | Lair:1   | Noticed a death yak
  9200 | Lair:1   | Killed a death yak
  9206 | Lair:1   | Killed a death yak
  9211 | Lair:1   | Killed a death yak
  9211 | Lair:1   | Reached XP level 13. HP: 13/60 MP: 11/26
  9396 | Lair:2   | Reached skill level 5 in Throwing
  9556 | Lair:2   | Found a staircase to the Snake Pit.
  9984 | Lair:2   | Got Ixeop's Secrets of the Unified Mortuary
 10019 | Lair:3   | Found a staircase to the Shoals.
 10541 | Lair:3   | Reached skill level 10 in Shields
 10593 | Lair:3   | Identified the amulet "Cuanog" {Reflect rF+ Dex+3 SH+5}
 11232 | Lair:4   | Found a dark tunnel.
 11251 | Volcano  | Entered a volcano
 11356 | Volcano  | Identified the +0 leather armour "Rosus" {rC+ Will++ Int+4}
 11488 | Lair:4   | Found a frozen archway.
 11505 | IceCv    | Entered an ice cave
 11542 | IceCv    | Reached XP level 14. HP: 65/65 MP: 27/27
 11544 | IceCv    | Reached ****** piety under Wu Jian
 11670 | IceCv    | Identified the +4 quarterstaff "Jellybane" {flame, rN+
                  | Str+6}
 11674 | IceCv    | Identified the +2 chain mail "Jiwkyafo" {Stlth+}
 11722 | Lair:4   | Acquired the ring "Jenom" {rF+++ AC+4 Dex-4 Slay+2 SInv}
 12288 | Lair:5   | Entered Level 5 of the Lair of Beasts
 12288 | Lair:5   | Found a viscous altar of Jiyva.
 12288 | Lair:5   | Found a staircase to the Slime Pits.
 12323 | Lair:5   | Reached skill level 10 in Armour
 12333 | Lair:5   | Reached skill level 10 in Dodging
 12450 | Lair:5   | Reached skill level 10 in Throwing
 12649 | Lair:5   | Found a sacrificial altar of Ru.
 13100 | Abyss:2  | Cast into level 2 of the Abyss (a wizard)
 13113 | Abyss:2  | Found a corrupted altar of Lugonu.
 13158 | Abyss:2  | Noticed a starcursed mass
 13200 | Abyss:2  | Reached XP level 15. HP: 58/68 MP: 23/28
 13230 | Abyss:2  | Noticed a lich
 13245 | Abyss:2  | Killed a lich
 13318 | Abyss:2  | Noticed a white draconian stormcaller
 13369 | Abyss:2  | HP: 2/68 [wretched star/lance of force (7)]
 13369 | Abyss:2  | Collided with a rock wall

Illustrated notes

Levels and vault maps discovered:
D:1:      elethiomel_arrival_infinity_welcomes_careful_drivers,
          layout_loops_ring, ebering_ecumenical_altar_mist
D:2:      layout_basic, basic_altar, nrook_loot_triangle
D:3:      layout_basic, uniq_robin
D:4:      layout_cave_pools, dreamdust_wishing_well, kennysheep_generic_room_6
D:5:      layout_rooms, lightli_temple_of_fire, uniq_prince_ribbit1,
          uniq_grinder, uniq_blork_the_orc
D:6:      kennysheep_housing_project, layout_loops_ring,
          minmay_temple_entry_antechambers, hangedman_abyss_or_decor_stabs
D:7:      layout_gridville, nicolae_ossuary_entry_monument, grunt_ministairs_7,
          minmay_statues_item, dk_noncrumbling_3
D:8:      layout_basic, due_lair_maze_entry_diamond, st_stairs_4,
          kennysheep_island_fort, uniq_joseph, uniq_maggie, uniq_pikel,
          uniq_psyche
D:9:      layout_roguey
D:10:     layout_small_grid, uniq_erica
D:11:     layout_loops_ring, orc_0_dummy
Temple:   compressed_dpeg_triangle_lava_temple
Lair:1:   layout_regular_city, st_stairs_4, uniq_fannar, uniq_amaemon
Lair:2:   layout_misc_corridors, guppyfry_snake_entry_island,
          minmay_lindwurm_lava
Lair:3:   hellmonk_destroyed_diamonds, layout_cave_pods,
          elwin_shoals_entry_stream, lemuel_fruit_tree,
          infiniplex_staircase_pool_2
Lair:4:   layout_roguey, enter_volcano_2, portal_ice_cave_entry_pillars_1,
          serial_bayou_pond_d
Lair:5:   evil_forest, layout_layer_cave, slime_entry_1, basic_altar,
          lemuel_old_faithful
Abyss:2:  base: Lair:5, kilobyte_mutagenic_chamber, kilobyte_mutagenic_chamber,
          serial_sigils_hangedman_snap, hangedman_stitches_earthworm

Skill      XL: |  1  2  3  4  5  6  7  8  9 10 11 12 13 14 |
---------------+-------------------------------------------+-----
Short Blades   | 2 3 4 6 9 10 | 10.0
Spellcasting   | 1 2 4 5 7 8 |  8.0
Shields        | 3 5 7 9 10 11 | 11.6
Fighting       | 3 |  3.0
Armour         | 3 4 6 8 9 10 | 10.7
Dodging        | 1 2 3 4 6 8 9 10 | 10.7
Throwing       | 4 8 11 | 11.4

Action                   |  1- 3 |  4- 6 |  7- 9 | 10-12 | 13-15 || total
-------------------------+-------+-------+-------+-------+-------++-------
Melee: Rapier            |    15 |       |       |       |       ||    15
       Dagger            |   111 |   118 |   286 |   764 |  1180 ||  2459
       Bite              |    30 |    38 |   116 |   280 |   500 ||   964
Throw: Throwing net      |       |       |       |     2 |     3 ||     5
Invok: Whirlwind         |       |       |     5 |   139 |   226 ||   370
       Lunge             |       |       |     5 |    66 |    75 ||   146
       Serpent's Lash    |       |       |       |     3 |     4 ||     7
 Abil: Wall Jump         |       |       |       |     6 |    10 ||    16
Evoke: Wand              |       |       |       |     1 |       ||     1
  Use: Scroll            |       |       |       |    23 |     9 ||    32
       Potion            |       |       |       |     3 |       ||     3
Armor: Scale mail        |    43 |    21 |       |    69 |   112 ||   245
       Chain mail        |       |    23 |    61 |    12 |       ||    96
Dodge: Dodged            |    50 |    27 |    48 |   131 |   226 ||   482
Block: Buckler           |    47 |    63 |    80 |   185 |   253 ||   628
       Reflection        |     1 |     2 |     5 |    22 |     2 ||    32

Table legend: (Time is in decaauts)
 A = Elapsed time spent in this place.
 B = Non-inter-level travel time spent in this place.
 C = Inter-level travel time spent in this place.
 D = Time resting spent in this place.
 E = Time spent auto-exploring this place.
 F = Levels seen in this place.
 G = Mean time per level.
                   A        B        C        D        E       F      G
               +--------+--------+--------+--------+--------+-----+--------+
         Total |  12821 |  12037 |    784 |     17 |   8831 |  21 |  610.5 |
       Dungeon |   7688 |   7085 |    603 |      1 |   5489 |  11 |  698.9 |
        Temple |    465 |    440 |     25 |      0 |    425 |   1 |  465.0 |
          Lair |   3836 |   3681 |    155 |      0 |   2738 |   5 |  767.2 |
         Abyss |    244 |    244 |      0 |      0 |     11 |   1 |  244.0 |
       Ossuary |    278 |    278 |      0 |      0 |    132 |   1 |  278.0 |
      Ice Cave |    170 |    170 |      0 |     16 |     10 |   1 |  170.0 |
       Volcano |    137 |    137 |      0 |      0 |     25 |   1 |  137.0 |
               +--------+--------+--------+--------+--------+-----+--------+

Top non-repeatable levels by time:
     D:6: 1035 daAuts
  Lair:3: 1011 daAuts
     D:7: 914 daAuts
     D:3: 811 daAuts
     D:2: 767 daAuts
  Lair:5: 761 daAuts
  Lair:2: 732 daAuts
    D:11: 679 daAuts
     D:8: 676 daAuts
  Lair:4: 667 daAuts
  Lair:1: 664 daAuts
     D:9: 630 daAuts
     D:1: 608 daAuts
     D:5: 545 daAuts
     D:4: 513 daAuts
